 Dungeon Crawl Stone Soup version 0.29-a0-723-gce39da1c22 (webtiles) character file.

Game seed: 17896096844149748053

6202 pokeman the Thaumaturge (level 10, 0/56 HPs)
             Began as a Deep Elf Hedge Wizard on June 28, 2022.
             Was a Follower of Vehumet.
             Killed from afar by an acid dragon (26 damage)
             ... with a splash of acid
             ... on level 10 of the Dungeon.
             The game lasted 00:21:27 (12318 turns).

pokeman the Thaumaturge (Deep Elf Hedge Wizard)    Turns: 12318, Time: 00:21:28

Health: 0/56       AC:  9    Str:  7    XL:     10   Next: 61%
Magic:  24/29      EV: 13    Int: 30    God:    Vehumet [*.....]
Gold:   529        SH:  0    Dex: 14    Spells: 25/36 levels left

rFire   . . .      SeeInvis .   G - +2 short sword (venom)
rCold   . . .      Faith    .   (no shield)
rNeg    . . .      Spirit   .   O - +0 steam dragon scales
rPois   +          Reflect  .   s - +1 hat
rElec   .          Harm     .   (no cloak)
rCorr   .          Rampage  .   b - +0 pair of gloves
Will    +....                   K - +0 pair of boots
Stlth   ++........              (no amulet)
HPRegen 0.18/turn               A - +6 ring of intelligence
MPRegen 0.21/turn               t - ring of poison resistance

@: no status effects
A: no striking features
a: Renounce Religion


You were on level 10 of the Dungeon.
You worshipped Vehumet.
Vehumet was aware of your devotion.
You visited 2 branches of the dungeon, and saw 11 of its levels.

You collected 529 gold pieces.

Inventory:

Hand Weapons
 G - a +2 short sword of venom (weapon)
 M - a +0 shortbow
Missiles
 N - a throwing net
Armour
 b - a +0 pair of gloves (worn)
 f - a +0 leather armour of fire resistance
 s - a +1 hat (worn)
 K - a +0 pair of boots (worn)
 O - +0 steam dragon scales (worn)
 P - a +0 troll leather armour
 S - +0 acid dragon scales
Magical Staves
 U - a staff of conjuration
Jewellery
 n - a +6 ring of strength
 r - an amulet of faith
 t - a ring of poison resistance (right hand)
 A - a +6 ring of intelligence (left hand)
 C - the ring of Lauqaum {Will+ rCorr AC+4}
   (You found it on level 4 of the Dungeon)

   [ring of protection]

   AC:        It affects your AC (+4).
   rCorr:     It protects you from acid and corrosion.
   Will:      It increases your willpower.
 J - a +4 ring of evasion
Wands
 x - a wand of flame (48)
Scrolls
 c - 10 scrolls of identify {unknown}
 h - 2 scrolls of fear {unknown}
 i - 2 scrolls of magic mapping {unknown}
 m - 4 scrolls of enchant armour {unknown}
 o - 2 scrolls of poison {unknown}
 q - 8 scrolls of teleportation {unknown}
 u - a scroll of amnesia {unknown}
 y - 2 scrolls of torment {unknown}
 z - 3 scrolls of summoning {unknown}
 D - 2 scrolls of fog {unknown}
 E - a scroll of vulnerability {unknown}
 H - 2 scrolls of enchant weapon {unknown}
 R - a scroll of blinking {unknown}
Potions
 a - a potion of invisibility {unknown}
 d - 3 potions of magic
 e - 3 potions of attraction {unknown}
 g - 4 potions of curing {unknown}
 j - a potion of mutation {unknown}
 k - 3 potions of flight {unknown}
 l - 2 potions of lignification {unknown}
 p - 5 potions of degeneration {unknown}
 v - 2 potions of resistance {unknown}
 w - a potion of heal wounds {unknown}
 B - 2 potions of might {unknown}
 F - 3 potions of brilliance {unknown}
 I - a potion of haste {unknown}
 L - a potion of ambrosia {unknown}
 T - a potion of cancellation {unknown}


   Skills:
 - Level 4.0 Fighting
 + Level 3.7 Armour
 - Level 3.2 Dodging
 - Level 3.4 Stealth
 * Level 13.8 Spellcasting
 + Level 7.9 Conjurations
 - Level 1.1 Summonings
 - Level 1.2 Necromancy
 - Level 1.1 Translocations
 + Level 7.0 Fire Magic
 - Level 1.0 Air Magic
 - Level 1.0 Poison Magic
 - Level 1.0 Evocations


You had 25 spell levels left.
You knew the following spells:

 Your Spells              Type           Power      Damage    Failure   Level
a - Magic Dart            Conj           100%       1d8       1%          1
b - Mephitic Cloud        Conj/Pois/Air  40%        N/A       1%          3
c - Call Imp              Summ           27%        N/A       2%          2
d - Blink                 Tloc           54%        N/A       2%          2
e - Conjure Flame         Conj/Fire      60%        6-21      1%          3

Your spell library contained the following spells:

 Spells                   Type           Power      Damage    Failure   Level
 Freeze                   Ice            80%        1d9       2%          1
 Searing Ray              Conj           100%       2d8       1%          2
 Slow                     Hex            80%        N/A       2%          1
 Gell's Gravitas          Tloc           27%        N/A       4%          3
 Lesser Beckoning         Tloc           27%        N/A       4%          3
 Teleport Other           Tloc           27%        N/A       4%          3
 Vampiric Draining        Necr           28%        2d8       4%          3
 Fulminant Prism          Conj/Hex       22%        3d13      4%          4
 Portal Projectile        Hex/Tloc       48%        N/A       5%          3
 Confusing Touch          Hex            20%        N/A       7%          3
 Tukima's Dance           Hex            20%        N/A       7%          3
 Blade Hands              Tmut           10%        N/A       54%         5


Dungeon Overview and Level Annotations

Branches:
Dungeon (10/15)            Temple (1/1) D:6
   Lair: D:8-11         Orc: D:9-12

Altars:
Ashenzari
Cheibriados
Dithmenos
Elyvilon
Fedhas
Hepliaklqana
Kikubaaqudgha
Makhleb
Nemelex Xobeh
Okawaru
Qazlal
Ru
Sif Muna
Trog
Uskayaw
Vehumet
Wu Jian
Xom
Yredelemnul
Zin
Lugonu

Shops:
D:5 =

Annotations:
D:9 2 transporters


Message History

The acid dragon roars!
The acid dragon spits acid at you. The splash of acid hits you!
The acid corrodes you!
There is an open door here.
Casting: Blink (safe; 2% risk of failure)
Confirm with . or Enter, or press ? or * to list all spells.
The fire begins to smoulder!
The fire ignites!
You start resting.
An acid dragon is nearby!
The acid dragon closely misses you. The acid dragon claws you.
Casting: Conjure Flame (safe; 1% risk of failure)
Confirm with . or Enter, or press ? or * to list all spells.
A beastly little devil appears in a puff of flame.
You are no longer corroded.
The acid dragon misses you.
The acid dragon claws you but does no damage.
Casting: Call Imp (safe; 2% risk of failure)
Confirm with . or Enter, or press ? or * to list all spells.
The fire begins to smoulder!
The acid dragon spits acid at you. The splash of acid misses you.
Your crimson imp barely misses the acid dragon.
Unknown command.
The acid dragon smothers the flame.
You hit the acid dragon.
The acid dragon is lightly wounded.
The acid dragon closely misses you.
The acid dragon claws you but does no damage.
Your crimson imp closely misses the acid dragon.
Casting: Conjure Flame (safe; 1% risk of failure)
Confirm with . or Enter, or press ? or * to list all spells.
You blink.
You feel stable enough to blink again. The acid dragon spits acid at you.
The splash of acid hits you!!
Your crimson imp misses the acid dragon.
The acid dragon spits acid at you. The splash of acid hits you!!
You die...

......##.....####...##....##...#.
......##.)...####...##....##...#.
###............................#.
..###'##.......................#.
.......#..5D..............######.
.......#..................##...#.
....)..#.......................#.
..?....#.......................#.
.......#........@...##....##...#.
.......#+########...##....##...#.
...............####'##....##...##
...............#.....#.....#....#
#######........#.....#.....#....#
#........#.....+.....#....#
#........#.....#.....#....#
#........#.....#.....'....#
#........#.....#.....#....#


You could see an acid dragon (catching breath, ally target) and a friendly
crimson imp (summoned).

Vanquished Creatures
  Erolcha (D:10)
  A two-headed ogre (D:9)
  A troll (D:9)
  9 yaks (D:10)
  A wyvern (D:9)
  Grum (D:8)
  A steam dragon (D:9)
  An acid dragon (D:10)
  2 water moccasins (D:7)
  2 ice beasts (D:6)
  A black bear (D:4)
  2 sky beasts
  An ogre (D:4)
  2 wolves (D:8)
  A centaur (D:8)
  3 kobold brigands
  A gnoll sergeant (D:9)
  2 necrophages
  6 bullfrogs
  2 scorpions
  8 wights
  A howler monkey (D:7)
  2 jellies (D:6)
  A hound (D:5)
  An orc priest (D:4)
  5 orc wizards
  4 iguanas
  4 gnolls (D:9)
  7 adders
  4 shadow imps
  A white imp (D:4)
  An ufetubus (D:4)
  5 dart slugs
  19 orcs
  5 ball pythons
  8 endoplasms
  4 giant cockroaches
  9 goblins
  5 hobgoblins
  3 jackals (D:1)
  22 kobolds
  4 quokkas
  7 bats
  2 frilled lizards
  3 rats (D:1)
176 creatures vanquished.

Vanquished Creatures (collateral kills)
  A worm (D:4)
1 creature vanquished.

Vanquished Creatures (others)
  2 plants (D:2)
2 creatures vanquished.

Grand Total: 179 creatures vanquished

Notes
Turn   | Place    | Note
-------+----------+-------------------------------------------
     0 | D:1      | pokeman the Deep Elf Hedge Wizard began the quest for the
                  | Orb.
     0 | D:1      | Reached XP level 1. HP: 10/10 MP: 7/7
   292 | D:1      | Reached XP level 2. HP: 16/16 MP: 5/9
   811 | D:1      | Reached skill level 5 in Spellcasting
  1107 | D:1      | Reached XP level 3. HP: 20/20 MP: 5/11
  1114 | D:1      | Learned a level 3 spell: Mephitic Cloud
  1117 | D:1      | Learned a level 2 spell: Call Imp
  1120 | D:1      | Learned a level 2 spell: Blink
  1124 | D:1      | Learned a level 3 spell: Conjure Flame
  1258 | D:1      | Found a faded altar of an unknown god.
  1665 | D:2      | Reached skill level 1 in Fighting
  1665 | D:2      | Reached skill level 1 in Armour
  1926 | D:2      | Reached XP level 4. HP: 25/25 MP: 8/13
  3458 | D:4      | Noticed an ogre
  3466 | D:4      | Killed an ogre
  3467 | D:4      | Reached skill level 6 in Spellcasting
  3467 | D:4      | Reached XP level 5. HP: 29/29 MP: 4/15
  3685 | D:4      | Identified the ring of Lauqaum {Will+ rCorr AC+4}
  3866 | D:4      | Reached XP level 6. HP: 34/34 MP: 14/17
  3880 | D:4      | Reached skill level 1 in Fire Magic
  4075 | D:3      | Reached skill level 1 in Air Magic
  4413 | D:4      | Found an iron altar of Okawaru.
  4417 | D:4      | Found a shimmering altar of Xom.
  4440 | D:4      | Reached skill level 7 in Spellcasting
  4440 | D:4      | Reached skill level 1 in Evocations
  4580 | D:4      | Found a hide-covered altar of Uskayaw.
  4582 | D:4      | Found a blossoming altar of Fedhas.
  4585 | D:4      | Found a glowing silver altar of Zin.
  4586 | D:4      | Found a stormy altar of Qazlal.
  4696 | D:4      | Found a white marble altar of Elyvilon.
  4900 | D:5      | Entered Level 5 of the Dungeon
  4916 | D:4      | Reached skill level 1 in Poison Magic
  5117 | D:5      | Found Kadum's Jewellery Shoppe.
  5288 | D:5      | Reached XP level 7. HP: 25/38 MP: 15/20
  5510 | D:5      | Found a basalt altar of Yredelemnul.
  5666 | D:5      | Reached skill level 8 in Spellcasting
  6546 | D:6      | Reached skill level 9 in Spellcasting
  6546 | D:6      | Reached XP level 8. HP: 44/44 MP: 9/23
  6747 | D:6      | Found a staircase to the Ecumenical Temple.
  6755 | Temple   | Entered the Ecumenical Temple
  6775 | Temple   | Became a worshipper of Vehumet
  7152 | D:7      | Reached skill level 5 in Conjurations
  7586 | D:7      | Reached skill level 10 in Spellcasting
  8440 | D:8      | Reached XP level 9. HP: 47/48 MP: 22/25
  8727 | D:8      | Noticed Grum
  8746 | D:8      | Reached skill level 11 in Spellcasting
  8749 | D:8      | Killed Grum
  8750 | D:8      | Reached skill level 5 in Fire Magic
  9468 | D:9      | Noticed a two-headed ogre
  9497 | D:9      | Killed a two-headed ogre
  9498 | D:9      | Reached skill level 12 in Spellcasting
  9670 | D:9      | Noticed a purple ugly thing
  9670 | D:9      | Noticed a cyan ugly thing
  9672 | D:9      | Found a transporter.
  9673 | D:9      | Found a corrupted altar of Lugonu.
  9780 | D:9      | Noticed a troll
  9791 | D:9      | Killed a troll
 10005 | D:9      | Reached * piety under Vehumet
 10005 | D:9      | Offered knowledge of Freeze by Vehumet.
 10006 | D:9      | Reached XP level 10. HP: 53/56 MP: 22/28
 10386 | D:9      | Found a transporter.
 10536 | D:10     | Entered Level 10 of the Dungeon
 10742 | D:10     | Found a shadowy altar of Dithmenos.
 10771 | D:10     | Reached skill level 1 in Necromancy
 10774 | D:10     | Reached skill level 13 in Spellcasting
 11390 | D:10     | Noticed Erolcha
 11516 | D:10     | Killed Erolcha
 11870 | D:10     | HP: 1/56 [acid dragon/splash of acid (23)]
 12318 | D:10     | Killed from afar by an acid dragon

Illustrated notes

Levels and vault maps discovered:
D:1:      ebering_hopf_link, layout_basic, dilly_ecumenical_altar_fadedgnrine
D:2:      layout_basic, ebering_dispersal_statue_hall, serial_bayou_ford_a,
          kennysheep_generic_room_8
D:3:      layout_loops_ring, minmay_shallow_snake_nest
D:4:      layout_loops_ring, kennysheep_little_box, minitemple
D:5:      layout_rooms, yredelemnul_altar_generic, serial_shops, shop_statue
D:6:      layout_basic, minmay_temple_entry_large_hall
D:7:      layout_basic, supply_closet_lemuel, minmay_misc_feat_secret_circle,
          wad_floor_pattern_1, dk_noncrumbling_2, st_stairs_6
D:8:      layout_rooms, uniq_grum
D:9:      gammafunk_corrupted_shrine, layout_loops_ring
D:10:     layout_gridville, mainiacjoe_overflow_alcove_4,
          nicolae_dithmenos_shadow_blocks, uniq_erolcha
Temple:   minmay_temple_bridge_abc

Skill      XL: |  1  2  3  4  5  6  7  8  9 10 |
---------------+-------------------------------+-----
Spellcasting   | 5 6 7 9 10 12 13 | 13.8
Fighting       | 1 2 3 4 |  4.0
Armour         | 1 3 |  3.7
Conjurations   | 2 3 4 5 7 |  7.9
Dodging        | 3 |  3.2
Stealth        | 3 |  3.4
Fire Magic     | 1 3 4 6 7 |  7.0
Air Magic      | 1 |  1.0
Evocations     | 1 |  1.0
Poison Magic   | 1 |  1.0
Necromancy     | 1 |  1.2
Summonings     | |  1.1
Translocations | |  1.1

Action                   |  1- 3 |  4- 6 |  7- 9 | 10-12 || total
-------------------------+-------+-------+-------+-------++-------
Melee: Dagger            |    14 |    41 |       |       ||    55
       Punch             |       |     2 |       |     1 ||     3
       Short sword       |       |     3 |    58 |    37 ||    98
 Cast: Magic Dart        |   102 |    89 |   227 |    27 ||   445
       Mephitic Cloud    |       |    14 |    11 |    12 ||    37
       Call Imp          |       |     2 |     1 |     3 ||     6
       Blink             |       |     2 |     1 |     2 ||     5
       Conjure Flame     |       |     1 |    23 |    20 ||    44
 Stab: Confused          |       |     4 |     4 |     8 ||    16
Armor: Robe              |     1 |       |       |       ||     1
       Leather armour    |    10 |    16 |     8 |       ||    34
       Steam dragon scal |       |       |     4 |     9 ||    13
Dodge: Dodged            |    26 |    44 |    34 |    33 ||   137

Table legend: (Time is in decaauts)
 A = Elapsed time spent in this place.
 B = Non-inter-level travel time spent in this place.
 C = Inter-level travel time spent in this place.
 D = Time resting spent in this place.
 E = Time spent auto-exploring this place.
 F = Levels seen in this place.
 G = Mean time per level.
                   A        B        C        D        E       F      G
               +--------+--------+--------+--------+--------+-----+--------+
         Total |  12340 |  11985 |    355 |   1663 |   8709 |  11 | 1121.8 |
       Dungeon |  12300 |  11964 |    336 |   1663 |   8699 |  10 | 1230.0 |
        Temple |     40 |     21 |     19 |      0 |     10 |   1 |   40.0 |
               +--------+--------+--------+--------+--------+-----+--------+

Top non-repeatable levels by time:
     D:9: 1882 daAuts
     D:4: 1525 daAuts
     D:7: 1474 daAuts
     D:1: 1368 daAuts
    D:10: 1337 daAuts
     D:2: 1217 daAuts
     D:3: 1172 daAuts
     D:6: 1037 daAuts
     D:8: 675 daAuts
     D:5: 609 daAuts
  Temple: 40 daAuts
